 Dungeon Crawl Stone Soup version 0.20.1-1-g8b1a95d (webtiles) character file.

26 Monsterracer the Vexing (level 3, 0/36 HPs)
             Began as an Ogre Arcane Marksman on Sept 16, 2017.
             Slain by a quokka (3 damage)
             ... on level 2 of the Dungeon.
             The game lasted 00:02:26 (1705 turns).

Monsterracer the Vexing (Ogre Arcane Marksman)      Turns: 1705, Time: 00:02:27

Health: 0/36       AC:  3    Str: 19    XL:     3   Next: 8%
Magic:  4/4        EV: 10    Int: 14    God:
Gold:   48         SH:  0    Dex:  9    Spells: 3/4 levels left

rFire    . . .     SeeInvis .   e - +0 short sword
rCold    . . .     Gourm    .   (no shield)
rNeg     . . .     Faith    .   a - +0 robe
rPois    .         Spirit   .   (helmet restricted)
rElec    .         Reflect  .   (no cloak)
rCorr    .         Harm     .   (gloves unavailable)
MR       .....     Rnd*Tele +   (boots unavailable)
Stlth    +.........             (no amulet)
Regen    0.2/turn               i - +4 ring of strength
MPRegen  0.1/turn               k - ring of teleportation (curse)

@: no status effects
A: unfitting armour, tough skin 1
a: no special abilities


You were on level 2 of the Dungeon.
You were near starving.

You visited 1 branch of the dungeon, and saw 2 of its levels.

You collected 48 gold pieces.

Inventory:

Hand Weapons
 e - a +0 short sword (weapon)
Missiles
 c - a large rock
 d - 2 throwing nets {!a}
 j - 7 stones (quivered)
Armour
 a - a +0 robe (worn)
Jewellery
 i - a +4 ring of strength (left hand)
 k - a cursed ring of teleportation (right hand)
Scrolls
 n - 3 scrolls of noise {unknown}
Potions
 g - a potion of brilliance {unknown}
 l - a potion of haste {unknown}
 m - a potion of degeneration {unknown}
 o - a potion of curing {unknown}
Books
 b - a book of Debilitation

   Spells                             Type                      Level
   a - Corona                         Hexes                        1
   b - Slow                           Hexes                        2
   c - Inner Flame                    Hexes/Fire                   3
   d - Portal Projectile              Hexes/Translocation          3
   e - Cause Fear                     Hexes                        4
   f - Leda's Liquefaction            Hexes/Earth                  4
Comestibles
 f - a bread ration
 h - a fruit
 p - a royal jelly


   Skills:
 + Level 2.3 Fighting
 * Level 2.6 Throwing
 + Level 2.2 Dodging
 - Level 1.2 Spellcasting
 - Level 2.6 Hexes


You had 3 spell levels left.
You knew the following spells:

 Your Spells              Type           Power        Failure   Level  Hunger
a - Corona                Hex            #......      9%          1    ##.....


Dungeon Overview and Level Annotations

Branches:
Dungeon (2/15)

Altars:


Innate Abilities, Weirdness & Mutations

You are too large for most types of armour.
You have tough skin. (AC +1)


Message History

The quokka bites you but does no damage.
You hit the quokka but do no damage. The quokka bites you.
* * * LOW HITPOINT WARNING * * *
Huge Dmg: -5%(-2hp) hp: 20%(7hp) Throwing (i - inventory. (,) - cycle):
j - 9 stones (quivered)
Press: ? - help, Shift-Dir - straight line, f - quokka
Aim: a quokka You throw a stone.
The stone hits the quokka.
The quokka is moderately wounded.
The quokka bites you but does no damage.
Throwing (i - inventory. (,) - cycle):
j - 8 stones (quivered)
Press: ? - help, Shift-Dir - straight line, f/p - quokka
Aim: a quokka (moderately wounded)
You throw a stone.
The stone hits the quokka but does no damage.
The quokka is moderately wounded.
The quokka bites you.
* * * LOW HITPOINT WARNING * * *
The quokka bites you.
You die...

## .# ### ..## .(##.(#
.((..# #...# #..# #.@#
#.r####### ###
#.Kg..w..########..
#..##...g...........
............########..
.......................
#######....###...##....
###....######..#....
..........###......


You could see a quokka, a goblin and a kobold.

Vanquished Creatures
  A worm (D:2)
  A leopard gecko (D:1)
  A giant cockroach (D:1)
  2 goblins (D:1)
  3 hobgoblins (D:1)
  3 jackals (D:1)
  A kobold (D:2)
  A ball python (D:2)
  A bat (D:1)
  2 frilled lizards (D:1)
  6 rats (D:1)
22 creatures vanquished.

Notes
Turn   | Place    | Note
-------+----------+-------------------------------------------
     0 | D:1      | Monsterracer the Ogre Arcane Marksman began the quest for the Orb.
     0 | D:1      | Reached XP level 1. HP: 19/19 MP: 2/2
   107 | D:1      | HP: 8/19 [rat (3)]
   112 | D:1      | HP: 4/19 [rat (3)]
   528 | D:1      | Reached XP level 2. HP: 26/28 MP: 3/3
  1525 | D:2      | Reached XP level 3. HP: 25/36 MP: 4/4
  1669 | D:2      | HP: 8/36 [worm (12)]
  1703 | D:2      | HP: 7/36 [quokka (2)]
  1705 | D:2      | HP: 3/36 [quokka (4)]
  1705 | D:2      | Slain by a quokka

Skill      XL: |  1 |
---------------+----+-----
Dodging        | 2 |  2.2
Fighting       | 2 |  2.3
Throwing       | |  2.6
Spellcasting   | |  1.2
Hexes          | |  2.6

Action                   || total
-------------------------++-------
Melee: Unarmed           ||    46
       Short sword       ||    55
Throw: Large rock        ||    18
       Stone             ||     7
  Use: Scroll            ||     1
  Eat: Chunk             ||     1
Armor: Robe              ||    44
Dodge: Dodged            ||    60
